 Dungeon Crawl Stone Soup version 0.30-a0-121-gb27577e5d9 (webtiles) character file.

Game seed: 2822005724640080842

38183 droid the Severer (level 13, -1/183 HPs)
             Began as a Minotaur Berserker on Sept 14, 2022.
             Was a High Priest of Trog.
             Shot with an arrow by a centaur warrior (14 damage)
             ... on level 14 of the Dungeon.
             The game lasted 00:41:02 (18333 turns).

droid the Severer (Minotaur Berserker)             Turns: 18333, Time: 00:41:03

Health: -1/183     AC: 24    Str: 28    XL:     13   Next: 62%
Magic:  12/12      EV: 12    Int:  4    God:    Trog [*****.]
Gold:   862        SH: 10    Dex:  9    Spells: 12/12 levels left

rFire   + . .      SeeInvis +    R - +14 obsidian axe {vorpal, Mesm Drain Fly SInv}
rCold   . . .      Faith    .    d - +0 buckler
rNeg    . . .      Spirit   .    M - +0 plate armour
rPois   .          Reflect  +    (helmet restricted)
rElec   .          Harm     .    x - +0 cloak
rCorr   .          Rampage  +    Y - +1 pair of gloves
Will    .....                    y - +1 pair of boots {rampage}
Stlth   ..........               E - amulet of reflection
HPRegen 0.40/turn                X - +4 ring of evasion
MPRegen 0.13/turn                v - ring of protection from fire

@: berserking, spiked, flying, mesmerised, unable to drink, very quick
A: horns 2, retaliatory headbutt, inability to drink after injury 1
a: Renounce Religion, Berserk, Trog's Hand, Brothers in Arms


You were on level 14 of the Dungeon.
You worshipped Trog.
Trog was extremely pleased with you.
You visited 1 branch of the dungeon, and saw 14 of its levels.
You also visited: Gauntlet.

You collected 862 gold pieces.

Inventory:

Hand Weapons
 r - a +0 broad axe
 F - a +1 hand axe of flaming
 K - the +9 mace of Qazxeaf {spect, rC+ rCorr}
   (You found it on level 8 of the Dungeon)

   When its wielder attacks, the weapon's spirit leaps out and strikes again.
   The spirit shares a part of any damage it takes with its wielder.
   rC:        It protects you from cold.
   rCorr:     It protects you from acid and corrosion.
 R - the +14 obsidian axe (weapon) {vorpal, Mesm Drain Fly SInv}
   (Trog gifted it to you on level 10 of the Dungeon)

   It inflicts extra damage upon your enemies.
   It occasionally summons demons to assist the wielder when it strikes in
   combat.
   Its wielder is mesmerised by any visible foes.
   It cannot be unequipped while any foes are visible.
   SInv:      It lets you see invisible.
   Fly:       It grants you flight.
   Drain:     It drains your maximum health when unequipped.
 U - the +11 great mace of Ganeyq Joro {vorpal, rElec SInv}
   (Trog gifted it to you on level 12 of the Dungeon)

   It inflicts extra damage upon your enemies.
   rElec:     It insulates you from electricity.
   SInv:      It lets you see invisible.
Missiles
 z - 2 throwing nets (quivered)
Armour
 d - a +0 buckler (worn)
 n - a +0 pair of boots of stealth
 x - a +0 cloak (worn)
 y - a +1 pair of boots of rampaging (worn)
 M - a +0 plate armour (worn)
 N - a scarf of shadows
 Y - a +1 pair of gloves (worn)
Jewellery
 v - a ring of protection from fire (right hand)
 w - a ring of see invisible
 A - a ring of magical power
 E - an amulet of reflection (around neck)
 V - a ring of protection from cold
 X - a +4 ring of evasion (left hand)
Wands
 m - a wand of mindburst (22)
 q - a wand of iceblast (29)
 B - a wand of polymorph (12)
 I - a wand of charming (14)
 J - a wand of flame (44)
 S - a wand of digging (7)
Scrolls
 a - 3 scrolls of immolation
 c - 5 scrolls of teleportation
 g - a scroll of acquirement {unknown}
 h - 2 scrolls of poison
 i - 6 scrolls of blinking
 j - 2 scrolls of enchant armour {unknown}
 t - 3 scrolls of fog
 G - 3 scrolls of fear
 O - 2 scrolls of noise
 Q - a scroll of brand weapon {unknown}
 W - a scroll of summoning {unknown}
Potions
 b - 3 potions of degeneration
 e - 4 potions of haste
 f - 8 potions of curing
 k - 4 potions of flight
 l - 3 potions of lignification
 o - a potion of invisibility {unknown}
 p - 3 potions of mutation
 s - a potion of ambrosia {unknown}
 u - 2 potions of berserk rage {unknown}
 C - 2 potions of experience {unknown}
 D - 2 potions of brilliance {unknown}
 H - 2 potions of attraction {unknown}
 L - 2 potions of magic {unknown}
Miscellaneous
 P - a phial of floods
 T - a piece from Xom's chessboard (15/15)


   Skills:
 + Level 13.0 Fighting
 + Level 18.0(18.3) Axes
 - Level 5.2(12.8) Maces & Flails
 + Level 15.4 Armour
 - Level 2.1 Dodging
 * Level 8.0 Shields


You had 12 spell levels left.
You didn't know any spells.
Your spell library was empty.

Dungeon Overview and Level Annotations

Branches:
Dungeon (14/15)            Temple (0/1) D:4            Lair (0/5) D:11
    Orc (0/2) D:10        Gauntlet (visited)
 Vaults: D:13-14

Altars:
Elyvilon
Fedhas
Makhleb
Nemelex Xobeh
Sif Muna
Trog
Vehumet
Wu Jian
Zin
Lugonu

Shops:
D:4 **

Portals:
Abyss: D:12


Innate Abilities, Weirdness & Mutations

You have a pair of horns on your head.
You reflexively headbutt those who attack you in melee.
You occasionally lose the ability to drink potions when taking damage.


Message History

Trog accepts your kill.
Your ufetubus hits the gargoyle but does no damage. x2
You cannot move away from the gargoyle!
Unknown command.
You cannot move away from the gargoyle!
Unknown command.
You cannot move away from the gargoyle!
You cannot move away from the gargoyle!
Unknown command.
You cannot move away from the gargoyle!
You are too injured to fight recklessly!
You are too injured to fight recklessly!
You are too injured to fight recklessly!
You are too injured to fight recklessly!
You swap places.
The barbed spikes dig painfully into your body as you move.
* * * LOW HITPOINT WARNING * * *
The centaur warrior shoots an arrow.
The arrow hits you but does no damage.
Your ufetubus hits the centaur warrior but does no damage. x2
The centaur warrior hits your ufetubus.
The centaur warrior kicks your ufetubus.
The gargoyle hurls a stone arrow at you.
The stone arrow hits you!!
* * * LOW HITPOINT WARNING * * *
Your red devil closely misses the centaur warrior.
Your red devil hits the gargoyle from afar with a +1 demon trident of freezing!
The gargoyle is skewered by barbed spikes.
Your red devil freezes the gargoyle.
Okay, then.
You cannot drink potions in your current state!
You cannot drink potions in your current state!
You slash the gargoyle!
You are no longer entranced.
You destroy the gargoyle!
Trog accepts your kill.
Visions of slaying the manticore flood into your mind.
The centaur warrior wields a +0 longbow.
The centaur warrior shoots an arrow.
The arrow barely misses your ufetubus. The arrow hits you!
You die...

#.....# # #..... .# #..
..... ..# #..# .... #..#
...# ... #..W#.
.#..##.##.c#..#
..#!.#.#H.#..#
...#c5@5c#..#
#...5#?4[#..# $## ..
#....(354?.## ..# .#..
..##.!..5?#.# .⌠.? ...
#.)).$(.###.. #..
....#(?$#..#.# # #..
...#.#.#.#..#####. ##..
...#.#.#.#.#).#.#..##...
...#.#.#.#.#.#..#..##....


You could see 2 centaur warriors, a manticore (mesmerising), a freezing wraith,
a centaur, a friendly ynoxinul (summoned), 2 friendly red devils and 5 friendly
ufetubi.

Vanquished Creatures
  Gastronok (D:8)
  A minotaur (Gauntlet)
  A hydra (D:13)
  Erica (D:10)
  3 two-headed ogres
  4 centaur warriors
  The ghost of valliere the Shield-Bearer, a novice FoFi of Ashenzari (D:8)
  2 sixfirhies (Gauntlet)
  4 skeletal warriors (D:14)
  An oklob plant (Gauntlet)
  4 deep elf pyromancers
  2 cyclopes
  4 ugly things
  An ice statue (D:12)
  3 gargoyles
  Maggie (D:8)
  4 kobold demonologists
  An efreet (D:13)
  2 freezing wraiths (D:13)
  An ice devil (D:12)
  3 komodo dragons
  4 polar bears (D:12)
  2 meliai (D:13)
  4 trolls
  Grinder (D:6)
  A tarantella (shapeshifter) (D:14)
  A hornet (D:10)
  4 slime creatures
  A vampire (D:10)
  2 shadows
  2 wraiths
  30 yaks
  4 wyverns
  A basilisk (D:14)
  Menkaure (D:4)
  2 swamp worms (Gauntlet)
  A vampire mosquito (D:14)
  3 acid dragons
  Duvessa (D:7)
  3 black bears
  A sky beast (D:8)
  6 ice beasts
  A meliai simulacrum (D:14)
  3 orc warriors
  7 ogres
  6 centaurs
  A phantom (D:6)
  2 kobold brigands
  2 necrophages (D:6)
  8 bullfrogs
  2 gnoll sergeants
  5 scorpions
  13 wights
  Dowan (D:7)
  12 killer bees
  4 howler monkeys
  3 hounds (D:5)
  7 orc priests
  A jelly (D:5)
  Jessica (D:2)
  2 iguanas
  13 orc wizards
  6 gnolls
  5 adders
  2 shadow imps
  2 white imps (D:12)
  A worm (D:2)
  3 dart slugs
  37 orcs
  5 ball pythons
  6 bats
  8 endoplasms
  2 giant cockroaches
  5 hobgoblins
  2 jackals (D:1)
  12 kobolds
  3 quokkas
  4 frilled lizards
  7 goblins
  8 rats
332 creatures vanquished.

Vanquished Creatures (collateral kills)
  2 skeletal warriors (D:14)
  2 kobold demonologists (D:12)
  A polar bear (D:12)
  A meliai (D:13)
  2 slime creatures (D:14)
  A vampire mosquito (D:14)
  A swamp worm (Gauntlet)
  A water moccasin (D:11)
  A centaur (D:14)
  A kobold brigand (D:12)
13 creatures vanquished.

Vanquished Creatures (others)
  20 fungi
  17 plants (D:11)
37 creatures vanquished.

Grand Total: 382 creatures vanquished

Notes
Turn   | Place    | Note
-------+----------+-------------------------------------------
     0 | D:1      | droid the Minotaur Berserker began the quest for the Orb.
     0 | D:1      | Reached XP level 1. HP: 19/19 MP: 0/0
   122 | D:1      | Reached XP level 2. HP: 27/27 MP: 1/1
   139 | D:1      | Reached skill level 4 in Axes
   142 | D:1      | Reached skill level 1 in Maces & Flails
   211 | D:1      | Found a faded altar of an unknown god.
   444 | D:1      | Reached ** piety under Trog
   459 | D:1      | Reached XP level 3. HP: 32/33 MP: 2/2
  1175 | D:2      | Noticed Jessica
  1182 | D:2      | Killed Jessica
  1183 | D:2      | Reached skill level 5 in Fighting
  1183 | D:2      | Reached XP level 4. HP: 32/42 MP: 3/3
  1582 | D:3      | Reached skill level 5 in Axes
  1582 | D:3      | Reached XP level 5. HP: 42/48 MP: 4/4
  1895 | D:3      | Found a burning altar of Makhleb.
  1896 | D:3      | Reached *** piety under Trog
  1911 | D:3      | Found a blossoming altar of Fedhas.
  1949 | D:3      | Reached skill level 6 in Axes
  1949 | D:3      | Reached XP level 6. HP: 53/56 MP: 5/5
  2110 | D:3      | Identified the +4 ring mail of the Falcon {Int+3}
  2258 | D:3      | Found a bloodstained altar of Trog.
  3012 | D:4      | Found Xemoe's Assorted Antiques.
  3046 | D:4      | Noticed Menkaure
  3053 | D:4      | Killed Menkaure
  3054 | D:4      | Reached skill level 7 in Axes
  3054 | D:4      | Reached skill level 1 in Shields
  3302 | D:4      | Found a staircase to the Ecumenical Temple.
  3365 | D:4      | Found Vonauje's Elemental Accessories.
  3580 | D:4      | Reached XP level 7. HP: 61/62 MP: 6/6
  3820 | D:5      | Entered Level 5 of the Dungeon
  4103 | D:5      | Reached skill level 8 in Axes
  4782 | D:5      | Reached skill level 5 in Armour
  5228 | D:6      | Reached skill level 9 in Axes
  5228 | D:6      | Reached XP level 8. HP: 70/70 MP: 7/7
  5294 | D:6      | Noticed Grinder
  5302 | D:6      | Killed Grinder
  5303 | D:6      | Reached skill level 10 in Axes
  5327 | D:6      | Reached **** piety under Trog
  5939 | D:6      | Found a radiant altar of Vehumet.
  5941 | D:6      | Found a glowing silver altar of Zin.
  5949 | D:6      | Reached XP level 9. HP: 78/78 MP: 8/8
  5951 | D:6      | Found a sparkling altar of Nemelex Xobeh.
  5954 | D:6      | Found an ornate altar of the Wu Jian Council.
  5956 | D:6      | Found a shimmering blue altar of Sif Muna.
  5961 | D:6      | Found a white marble altar of Elyvilon.
  6136 | D:7      | Noticed Dowan
  6138 | D:7      | Noticed Duvessa
  6142 | D:7      | Killed Dowan
  6143 | D:7      | Reached skill level 11 in Axes
  6150 | D:7      | Killed Duvessa
  6891 | D:7      | Reached skill level 12 in Axes
  7352 | D:8      | Reached skill level 13 in Axes
  7445 | D:8      | Noticed Gastronok
  7454 | D:8      | Killed Gastronok
  7455 | D:8      | Reached XP level 10. HP: 61/88 MP: 9/9
  7586 | D:8      | Noticed Maggie
  7598 | D:8      | Killed Maggie
  7599 | D:8      | Reached skill level 14 in Axes
  8137 | D:8      | Found a transporter.
  8137 | D:8      | Noticed valliere's ghost (novice FoFi)
  8231 | D:8      | Identified the +9 mace of Qazxeaf {spect, rC+ rCorr}
  8994 | D:8      | Found a transporter.
  9228 | D:8      | Killed valliere's ghost
  9229 | D:8      | Reached skill level 15 in Axes
 10250 | D:9      | Noticed a two-headed ogre
 10257 | D:9      | Killed a two-headed ogre
 10258 | D:9      | Reached skill level 10 in Armour
 10264 | D:9      | Reached XP level 11. HP: 74/97 MP: 10/10
 10556 | D:9      | Reached ***** piety under Trog
 10890 | D:10     | Entered Level 10 of the Dungeon
 10890 | D:10     | Noticed a two-headed ogre
 10901 | D:10     | Killed a two-headed ogre
 11189 | D:10     | Reached skill level 10 in Fighting
 11206 | D:10     | Found a staircase to the Orcish Mines.
 11721 | D:10     | Received a gift from Trog
 11721 | D:10     | Found the +14 obsidian axe {vorpal, Mesm Drain Fly SInv}
 12167 | D:10     | Noticed Erica
 12172 | D:10     | Killed Erica
 12740 | D:11     | Found a gate leading to a gauntlet.
 12751 | D:11     | Found a staircase to the Lair.
 12885 | Gauntlet | Entered a Gauntlet
 12885 | Gauntlet | Found a transporter.
 12885 | Gauntlet | Found a transporter.
 12896 | Gauntlet | Noticed a tengu warrior
 12950 | Gauntlet | Found a transporter.
 12965 | Gauntlet | Found a transporter.
 12978 | Gauntlet | Noticed a fire crab
 12981 | Gauntlet | Found a transporter.
 12994 | Gauntlet | Found a transporter.
 12996 | Gauntlet | Found a large runed translucent door.
 12996 | Gauntlet | Found a large runed translucent door.
 12997 | Gauntlet | Found a large runed translucent door.
 12997 | Gauntlet | Found a large runed translucent door.
 12998 | Gauntlet | Found a large runed translucent door.
 12998 | Gauntlet | Found a large runed translucent door.
 12998 | Gauntlet | Found a runed translucent door.
 12998 | Gauntlet | Found a runed translucent door.
 12998 | Gauntlet | Found a large runed translucent door.
 12999 | Gauntlet | Found a large runed translucent door.
 13006 | Gauntlet | Found a large runed translucent door.
 13006 | Gauntlet | Found a large runed translucent door.
 13007 | Gauntlet | Found a large runed translucent door.
 13007 | Gauntlet | Found a large runed translucent door.
 13008 | Gauntlet | Found a large runed translucent door.
 13008 | Gauntlet | Found a large runed translucent door.
 13077 | Gauntlet | Found a transporter.
 13086 | Gauntlet | Found a transporter.
 13089 | Gauntlet | Noticed a shining eye
 13100 | Gauntlet | Found a transporter.
 13113 | Gauntlet | Found a transporter.
 13202 | Gauntlet | Found a transporter.
 13212 | Gauntlet | Found a transporter.
 13218 | Gauntlet | Found a large runed translucent door.
 13218 | Gauntlet | Noticed a sixfirhy
 13219 | Gauntlet | Found a large runed translucent door.
 13221 | Gauntlet | Found a runed translucent gate.
 13221 | Gauntlet | Noticed a sixfirhy
 13222 | Gauntlet | Found a transporter.
 13222 | Gauntlet | Found a transporter.
 13222 | Gauntlet | Found a runed translucent gate.
 13223 | Gauntlet | Found a runed translucent gate.
 13225 | Gauntlet | Found a transporter.
 13225 | Gauntlet | Noticed an oklob plant
 13254 | Gauntlet | Found a transporter.
 13374 | Gauntlet | Killed an oklob plant
 13457 | Gauntlet | Killed a sixfirhy
 13458 | Gauntlet | Reached skill level 5 in Maces & Flails
 13458 | Gauntlet | Reached XP level 12. HP: 108/108 MP: 11/11
 13518 | Gauntlet | Noticed a minotaur
 13524 | Gauntlet | Killed a minotaur
 14214 | D:11     | Reached skill level 16 in Axes
 14375 | D:11     | Found a white marble altar of Elyvilon.
 14614 | D:12     | Identified the +11 great mace of Ganeyq Joro {vorpal, rElec
                  | SInv} (Trog gifted it to you on level 12 of the Dungeon)
 14614 | D:12     | Received a gift from Trog
 14635 | D:12     | Reached skill level 5 in Shields
 15154 | D:12     | Found a large runed translucent door.
 15154 | D:12     | Found a large runed translucent door.
 15156 | D:12     | Found a corrupted altar of Lugonu.
 15461 | D:12     | Found a one-way gate to the infinite horrors of the Abyss.
 15513 | D:12     | Identified the +10 dagger of the Hero {distort, rPois Str+3
                  | Int+2}
 15513 | D:12     | Identified the +0 robe "Wuosh" {rElec Regen+ Str+5
                  | Archmagi}
 15556 | D:12     | Reached skill level 17 in Axes
 15909 | D:13     | Reached XP level 13. HP: 98/118 MP: 12/12
 15911 | D:13     | Gained mutation: You occasionally lose the ability to drink
                  | potions when taking damage. [a neqoxec]
 17627 | D:14     | Reached skill level 15 in Armour
 18317 | D:14     | Reached skill level 18 in Axes
 18333 | D:14     | Shot with an arrow by a centaur warrior

Illustrated notes

Levels and vault maps discovered:
D:1:      lightli_arrival_farm, layout_basic,
          hellmonk_ecumenical_altar_arch_garden
D:2:      layout_rooms, minmay_octomino_e4, uniq_jessica
D:3:      layout_basic, lightli_temple_of_fire,
          mainiacjoe_overflow_catch_the_wave, minmay_diced_spiral
D:4:      layout_basic, temple_green, serial_shops, shop,
          nicolae_elemental_shop, uniq_menkaure
D:5:      layout_basic
D:6:      layout_rooms, nicolae_overflow_hallway_of_the_gods, uniq_grinder
D:7:      layout_basic, uniq_duvessa
D:8:      layout_basic, gammafunk_ghost_smash, uniq_gastronok, uniq_maggie
D:9:      layout_rooms, grunt_decor_mini_mirrors
D:10:     layout_layer_cave, orc_0_dummy, hangedman_corner_corridor, uniq_erica
D:11:     layout_gridville, due_lair_maze_entry_diamond, gauntlet_entry_generic,
          elyvilon_altar_3
D:12:     due_chaos_kobolds, layout_irregular_city, ice2_lemuel
D:13:     layout_basic, erik_vaults_1
D:14:     minmay_the_grid_octo_tiled_squarecenter_mashed
          [minmay_the_grid_octo_horde, minmay_the_grid_octo_fat_diamond,
          minmay_the_grid_octo_checkered, minmay_the_grid_octo_tetromino_candy,
          minmay_the_grid_square_5x5_megaprize_hollow,
          minmay_the_grid_square_5x5_six, minmay_the_grid_square_5x5_two,
          minmay_the_grid_square_5x5_minibox,
          minmay_the_grid_square_5x5_three_walls], layout_irregular_city,
          nicolae_wu_jian_immortal_techniques,
          hangedman_abyss_or_decor_lesser_grid, ashenzari_altar_1, uniq_rupert,
          uniq_louise, uniq_nessos

Skill      XL: |  1  2  3  4  5  6  7  8  9 10 11 12 13 |
---------------+----------------------------------------+-----
Axes           | 4 5 6 7 9 10 13 15 17 18 | 18.0
Maces & Flails | 1 2 5 |  5.2
Fighting       | 4 5 6 7 9 10 12 13 | 13.0
Armour         | 3 4 5 6 8 10 13 14 15 | 15.4
Shields        | 1 2 3 5 8 |  8.0
Dodging        | |  2.1

Action                   |  1- 3 |  4- 6 |  7- 9 | 10-12 | 13-15 || total
-------------------------+-------+-------+-------+-------+-------++-------
Melee: Hand axe          |    80 |   138 |   103 |       |       ||   321
       Headbutt          |    14 |    15 |    37 |    59 |    26 ||   151
       Battleaxe         |       |       |    80 |    62 |       ||   142
       Mace              |       |       |       |   106 |       ||   106
       Broad axe         |       |       |       |   162 |    97 ||   259
Invok: Berserk           |       |     1 |     4 |     7 |     3 ||    15
  Use: Scroll            |       |     5 |     1 |     5 |     3 ||    14
       Potion            |       |       |     2 |     2 |     1 ||     5
 Stab: Distracted        |       |       |       |     1 |       ||     1
Armor: Animal skin       |    23 |       |       |       |       ||    23
       Chain mail        |       |    82 |    56 |    18 |       ||   156
       Plate armour      |       |       |       |   131 |    72 ||   203
Dodge: Dodged            |    36 |    49 |    50 |   120 |    33 ||   288
Block: Buckler           |     9 |    12 |    18 |   104 |    47 ||   190
       Other             |       |       |     8 |    14 |       ||    22
       Reflection        |       |       |       |     7 |     5 ||    12

Table legend: (Time is in decaauts)
 A = Elapsed time spent in this place.
 B = Non-inter-level travel time spent in this place.
 C = Inter-level travel time spent in this place.
 D = Time resting spent in this place.
 E = Time spent auto-exploring this place.
 F = Levels seen in this place.
 G = Mean time per level.
                   A        B        C        D        E       F      G
               +--------+--------+--------+--------+--------+-----+--------+
         Total |  18452 |  16951 |   1501 |   5721 |   9156 |  15 | 1230.1 |
       Dungeon |  17348 |  15847 |   1501 |   5235 |   8784 |  14 | 1239.1 |
      Gauntlet |   1104 |   1104 |      0 |    485 |    372 |   1 | 1104.0 |
               +--------+--------+--------+--------+--------+-----+--------+

Top non-repeatable levels by time:
     D:8: 3144 daAuts
    D:13: 2189 daAuts
    D:10: 1622 daAuts
     D:5: 1406 daAuts
    D:12: 1298 daAuts
     D:3: 1212 daAuts
     D:7: 1176 daAuts
Gauntlet: 1104 daAuts
     D:4: 1016 daAuts
     D:6: 873 daAuts
     D:2: 842 daAuts
     D:1: 805 daAuts
     D:9: 758 daAuts
    D:11: 707 daAuts
    D:14: 293 daAuts
